 Dungeon Crawl Stone Soup version 0.24-a0-422-g9eff3895ba (webtiles) character file.

Game seed: 17560396002409318719

84 Nordon the Chopper (level 4, -6/35 HPs)
             Began as a Demonspawn Fighter on June 12, 2019.
             Mangled by a crocodile (7 damage)
             ... on level 3 of the Dungeon.
             The game lasted 00:03:26 (2665 turns).

Nordon the Chopper (Demonspawn Fighter)             Turns: 2665, Time: 00:03:27

Health: -6/35      AC:  7    Str: 22    XL:     4   Next: 23%
Magic:  4/4        EV:  7    Int: 15    God:
Gold:   87         SH:  9    Dex: 12    Spells: 3/3 levels left

rFire    . . .     SeeInvis .   a - +0 war axe
rCold    . . .     Gourm    .   c - +0 shield
rNeg     . . .     Faith    .   b - +0 scale mail
rPois    .         Spirit   .   (no helmet)
rElec    .         Reflect  .   (no cloak)
rCorr    .         Harm     .   g - +0 pair of gloves
MR       .....                  (no boots)
Stlth    ..........             (no amulet)
HPRegen  0.11/turn              (no ring)
MPRegen  0.09/turn              r - ring of attention (curse)

@: mighty, brilliant
A: hooves 2, powered by death 1
a: no special abilities


You were on level 3 of the Dungeon.
You were not hungry.

You visited 1 branch of the dungeon, and saw 3 of its levels.

You collected 87 gold pieces.


Innate Abilities, Weirdness & Mutations

You have hoof-like feet.
You regenerate a little health from kills.


   Skills:
 - Level 3.0 Fighting
 + Level 4.1 Axes
 - Level 2.6 Armour
 - Level 2.6 Shields


You had 3 spell levels left.
You didn't know any spells.
Your spell library was empty.

Inventory:

Hand Weapons
 a - a +0 war axe (weapon)
Armour
 b - a +0 scale mail (worn)
 c - a +0 shield (worn)
 g - a +0 pair of gloves (worn)
 h - a +1 hat
Jewellery
 r - a cursed ring of attention (right hand)
Scrolls
 k - a scroll of identify {unknown}
Potions
 e - 2 potions of brilliance
 i - a potion of ambrosia {unknown}
 j - 3 potions of curing {unknown}
 m - a potion of lignification {unknown}
 n - 2 potions of degeneration {unknown}
 p - 3 potions of heal wounds {unknown}
 q - 2 potions of magic {unknown}
Comestibles
 f - 4 rations
 l - a chunk of flesh

Dungeon Overview and Level Annotations

Branches:
Dungeon (3/15)

Altars:
Trog

▒.▒▒▒............▒▒.▒...▒ ▒..
▒▒▒▒▒.▒▒▒.▒▒▒▒▒▒▒▒▒▒.▒▒.▒...▒▒▒..
▒.....▒▒.....▒ ▒....▒...▒....
▒.▒▒▒▒▒▒..▒▒.▒ ▒▒▒▒▒.▒..▒...▒.▒..
▒.▒ ▒(.▒▒.▒▒▒.....▒...........
▒.▒ ▒▒..▒▒.▒▒..................
▒.▒ ▒▒...▒▒.▒▒..▒▒▒.▒▒▒▒▒▒▒.▒...
▒.▒ ▒..▒.▒...▒.t▒▒▒.▒ ▒▒.▒... ▒.▒
▒......▒...6>..)▒ ▒...... ▒.▒
▒.▒▒▒▒...▒..▒▒▒(▒ ▒..▒..▒ ▒)▒ ▒.▒
▒▒.▒▒..▒ ▒.▒ ▒..▒..▒ ▒.▒▒ ▒.▒
▒.▒▒..▒▒▒.▒▒ ▒..▒..▒ ...▒ ▒.▒
▒.▒▒.......▒▒▒▒▒.....▒ .▒.▒ ▒.▒
▒...)................▒ ...▒ ▒.▒
▒▒▒▒.▒▒▒▒.▒▒▒▒▒▒.▒▒.[. ▒▒▒▒ ▒.▒
▒.▒ ▒▒▒ ▒.▒▒.▒▒ ▒.▒ ▒.▒ ▒.▒▒.▒▒


You could see a crocodile.


Message History

Your kick misses the crocodile. The crocodile barely misses you.
Your shield prevents you from hitting the crocodile.
The crocodile bites you but does no damage.
You barely miss the crocodile.
You kick the crocodile, but do no damage.
The crocodile bites you but does no damage.
The crocodile bites you.
You slash the crocodile! You kick the crocodile.
The crocodile is moderately wounded.
The crocodile bites you!
Your shield and scale mail prevent you from hitting the crocodile.
You kick the crocodile.
The crocodile is heavily wounded.
The crocodile bites you but does no damage.
The crocodile bites you!
* * * LOW HITPOINT WARNING * * *
You barely miss the crocodile. You kick the crocodile.
The crocodile is heavily wounded.
The crocodile bites you.
* * * LOW HITPOINT WARNING * * *
You feel very mighty all of a sudden. The crocodile bites you!
* * * LOW HITPOINT WARNING * * *
It was a potion of brilliance.
You feel clever all of a sudden. The crocodile bites you!
You die...

Action                   |  1- 3 |  4- 6 || total
-------------------------+-------+-------++-------
Melee: War axe           |   132 |    35 ||   167
       Kick              |    14 |    15 ||    29
  Use: Scroll            |     3 |       ||     3
       Potion            |       |     2 ||     2
  Eat: Chunk             |     3 |     3 ||     6
Armor: Scale mail        |    59 |     6 ||    65
Dodge: Dodged            |    32 |     7 ||    39
Block: Shield            |    63 |     9 ||    72

Levels and vault maps discovered:
D:1:      evilmike_arrival_rings, layout_basic, minmay_misc_feat_roman,
          serial_park_tiny_2
D:2:      lemuel_upstairs_altar, layout_basic, lightli_temple_of_fire
D:3:      layout_loops_ring

Notes
Turn   | Place    | Note
-------+----------+-------------------------------------------
     0 | D:1      | Nordon the Demonspawn Fighter began the quest for the Orb.
     0 | D:1      | Reached XP level 1. HP: 18/18 MP: 1/1
   253 | D:1      | Reached skill level 2 in Axes
   333 | D:1      | Gained mutation: You regenerate a little health from kills.
                  | [demonic ancestry]
   333 | D:1      | Reached XP level 2. HP: 21/24 MP: 2/2
   531 | D:1      | Reached skill level 3 in Axes
  1067 | D:2      | Gained mutation: You have large cloven feet. [demonic
                  | ancestry]
  1067 | D:2      | Reached XP level 3. HP: 29/29 MP: 3/3
  1525 | D:2      | Found a bloodstained altar of Trog.
  1953 | D:3      | Gained mutation: You have hoof-like feet. [demonic
                  | ancestry]
  1953 | D:3      | Reached XP level 4. HP: 32/35 MP: 4/4
  1955 | D:3      | Reached skill level 4 in Axes
  2651 | D:3      | Noticed a crocodile
  2664 | D:3      | HP: 1/35 [crocodile (7)]
  2665 | D:3      | Mangled by a crocodile

Vanquished Creatures
  An ooze (D:1)
  4 worms
  3 dart slugs
  2 leopard geckos
  4 orcs (D:3)
  A giant cockroach (D:2)
  6 goblins
  10 hobgoblins
  3 jackals (D:2)
  6 bats
  3 frilled lizards
  7 kobolds
  3 rats (D:2)
53 creatures vanquished.
